 Dungeon Crawl Stone Soup version 0.22-a0-433-gd2a9cce (webtiles) character file.

228 Mgcat the Cleaver (level 6, -12/51 HPs)
             Began as a Hill Orc Berserker on May 28, 2018.
             Was a Believer of Trog.
             Mangled by an ogre
             ... wielding a +0 giant spiked club
              (21 damage)
             ... on level 5 of the Dungeon.
             The game lasted 00:03:23 (898 turns).

Mgcat the Cleaver (Hill Orc Berserker)               Turns: 898, Time: 00:03:24

Health: -12/51     AC:  8    Str: 22    XL:     6   Next: 2%
Magic:  6/6        EV:  8    Int:  7    God:    Trog [**....]
Gold:   92         SH:  0    Dex: 10    Spells: 5/5 levels left

rFire    . . .     SeeInvis .   a - +0 hand axe
rCold    + . .     Gourm    .   (no shield)
rNeg     . . .     Faith    .   k - +0 chain mail
rPois    .         Spirit   .   (no helmet)
rElec    .         Reflect  .   (no cloak)
rCorr    .         Harm     .   (no gloves)
MR       .....                  (no boots)
Stlth    ..........             (no amulet)
HPRegen  0.17/turn              b - ring of protection from cold {rC+, !d}
MPRegen  0.10/turn              (no ring)

@: berserk cooldown, flying, slowed, very slow
A: no striking features
a: Berserk, Trog's Hand, Renounce Religion


You were on level 5 of the Dungeon.
You worshipped Trog.
Trog was pleased with you.
You were not hungry.

You visited 1 branch of the dungeon, and saw 5 of its levels.

You collected 92 gold pieces.

Inventory:

Hand Weapons
 a - a +0 hand axe (weapon)
Armour
 k - a +0 chain mail (worn)
   (You found it on level 5 of the Dungeon)
Jewellery
 b - a ring of protection from cold (left hand) {rC+, !d}
   (You found it on level 3 of the Dungeon)
Scrolls
 h - a scroll of fear {unknown}
 i - 2 scrolls of teleportation {unknown}
 j - a scroll of blinking {unknown}
Potions
 d - a potion of heal wounds {unknown}
 e - a potion of flight
 g - a potion of might {unknown}
Comestibles
 c - 4 rations
 f - 6 chunks of flesh {@w0}


   Skills:
 - Level 3.6 Fighting
 + Level 8.6 Axes
 - Level 2.1 Armour
 - Level 1.5 Dodging


You had 5 spell levels left.
You didn't know any spells.
Your spell library was empty.

Dungeon Overview and Level Annotations

Branches:
Dungeon (5/15)
 Temple: D:4-7

Altars:
Dithmenos
Elyvilon


Message History

You continue putting on your chain mail. x5
You finish putting on your +0 chain mail.
Drop what? 11/52 slots (_ for help) (? for menu, Esc to quit)
You drop a +0 ring mail.
g - a grey potion Unknown command.
A quokka comes into view.
The quokka barely misses you.
Unknown command.
A quokka is nearby!
You slash the quokka!
You kill the quokka!
Trog accepts your kill.
No target in view!
A crimson imp comes into view.
The crimson imp shouts!
The crimson imp moves out of view.
You see here a quokka corpse.
You butcher the quokka corpse.
f - 7 chunks of flesh {@w0} (gained 1)
A worm comes into view.
A red film seems to cover your vision as you go berserk!
You feel yourself moving faster!
You feel mighty!
You are feeling hungry.
The crimson imp barely misses you.
You closely miss the crimson imp. You slash the crimson imp!
The crimson imp is almost dead.
The crimson imp blinks!
A crimson imp comes into view.
The crimson imp shouts!
The worm bites you.
The crimson imp blinks!
The crimson imp moves out of view.
You hit the worm.
The worm is moderately wounded.
You slash the worm!
The worm is almost dead.
Your chain mail prevents you from hitting the worm.
The worm is almost dead.
The worm completely misses you.
You slash the worm!
You feel the power of Trog in you as your rage grows.
You kill the worm!
Trog accepts your kill.
You feel a strong urge to attack something.
An ogre comes into view. It is wielding a giant spiked club.
You hit the crimson imp.
The crimson imp is moderately wounded.
The crimson imp closely misses you.
You closely miss the crimson imp.
The crimson imp is moderately wounded.
The crimson imp closely misses you.
You hit the crimson imp.
The crimson imp is heavily wounded.
The crimson imp blinks!
You hit the crimson imp.
The crimson imp is heavily wounded.
You slash the crimson imp!
You kill the crimson imp!
Trog accepts your kill.
Your Axes skill increases to level 8!
The crimson imp hits you but does no damage.
You slash the crimson imp!
The crimson imp is almost dead.
You hit the crimson imp.
You feel the power of Trog in you as your rage grows.
You kill the crimson imp!
Trog accepts your kill.
You have reached level 6!
Your experience leads to an increase in your attributes!
Your base attributes are Str 21, Int 7, Dex 10.
Increase (S)trength, (I)ntelligence, or (D)exterity?
You feel stronger.
You are too berserk!
Eat one of 7 chunks of flesh {@w0}? (ye/n/q)
You eat one of the 7 chunks of flesh {@w0}.
This raw flesh tastes terrible.
You feel a strong urge to attack something.
The ogre hits you with a giant spiked club!
You hit the ogre.
The ogre is lightly wounded.
You barely miss the ogre.
The ogre is lightly wounded.
You are no longer berserk.
You are exhausted.
You feel yourself slow down.
Your chain mail prevents you from hitting the ogre.
The ogre is lightly wounded.
The ogre hits you with a giant spiked club!
You slash the ogre!
The ogre is heavily wounded.
The ogre closely misses you.
You slash the ogre!
The ogre is severely wounded.
The ogre hits you with a giant spiked club!!
* * * LOW HITPOINT WARNING * * *
It was a potion of flight.
You feel very buoyant.
You fly up into the air.
The ogre hits you with a giant spiked club!!
You die...

#. .8...##.##.#
...........#
.8....#.##.##
...#.#.#...######.
#......#.........
#.#..$..#.#......
#...O..†#........
#.#..@.!#..#####.
.........#.#.#
###.#......#.# #
###.####.#####...#
#..[...........#
.......###...###....
######.#≈≈...≈≈# .#
#.#≈..♣..≈###.##<#
.................#


You could see an ogre.

Vanquished Creatures
  A bullfrog (D:3)
  2 crimson imps (D:5)
  A hound (D:3)
  2 adders
  2 worms
  3 leopard geckos
  An orc (D:3)
  2 giant cockroaches
  8 hobgoblins
  5 kobolds
  2 quokkas
  4 bats
  3 frilled lizards
  2 goblins (D:3)
  A rat (D:3)
39 creatures vanquished.

Notes
Turn   | Place    | Note
-------+----------+-------------------------------------------
     0 | D:1      | Mgcat the Hill Orc Berserker began the quest for the Orb.
     0 | D:1      | Reached XP level 1. HP: 19/19 MP: 1/1
   214 | D:2      | Reached XP level 2. HP: 26/26 MP: 2/2
   252 | D:2      | Reached skill level 5 in Axes
   395 | D:3      | Noticed a bullfrog
   403 | D:3      | Killed a bullfrog
   403 | D:3      | Reached skill level 6 in Axes
   403 | D:3      | Reached XP level 3. HP: 31/31 MP: 3/3
   403 | D:3      | Reached XP level 4. HP: 39/39 MP: 4/4
   446 | D:3      | Reached skill level 7 in Axes
   446 | D:3      | Reached XP level 5. HP: 36/45 MP: 5/5
   664 | D:2      | Reached ** piety under Trog
   748 | D:4      | Found a shadowy altar of Dithmenos.
   814 | D:5      | Entered Level 5 of the Dungeon
   822 | D:5      | Found a white marble altar of Elyvilon.
   882 | D:5      | Noticed an ogre
   887 | D:5      | Reached skill level 8 in Axes
   890 | D:5      | Reached XP level 6. HP: 51/51 MP: 6/6
   897 | D:5      | HP: 9/51 [ogre/giant spiked club (20)]
   898 | D:5      | Mangled by an ogre

Vault maps used:
D:1:      nicolae_arrival_somewhat_less_tricky_arrival
D:2:      nicolae_overflow_crystal_walls, lemuel_round_altar
D:3:      first_ration
D:4:      lemuel_round_altar, minmay_temple_entry_hall
D:5:      elyvilon_altar_4, eat_drink_and_be_merry_uskayaw, serial_shops,
          nicolae_shop_window_shopping

Skill      XL: |  1  2  3  4  5 |
---------------+----------------+-----
Axes           | 6 7 8 |  8.6
Fighting       | |  3.6
Armour         | |  2.1
Dodging        | |  1.5

Action                   |  1- 3 |  4- 6 || total
-------------------------+-------+-------++-------
Melee: Hand axe          |    25 |    84 ||   109
Invok: Berserk           |     2 |     3 ||     5
  Use: Potion            |       |     1 ||     1
 Stab: Sleeping          |     1 |       ||     1
  Eat: Chunk             |       |     5 ||     5
Armor: Animal skin       |     3 |       ||     3
       Ring mail         |     1 |    18 ||    19
       Chain mail        |       |     1 ||     1
Dodge: Dodged            |    22 |    40 ||    62

Table legend:
 A = Spawn XP
 B = Non-spawn XP
 C = Spawn XP percentage of total XP
 D = Spawn monster count
 E = Non-spawn monster count
 F = Spawn count percentage of total count
 G = Total turns spent on level
                    A         B        C        D         E        F      G
               +---------+---------+-------+---------+---------+-------+---------
         Total |       0 |     326 |   0.0 |       0 |      39 |   0.0 |   898
               +---------+---------+-------+---------+---------+-------+---------
           D:1 |       0 |       4 |   0.0 |       0 |       2 |   0.0 |   210
           D:2 |       0 |      25 |   0.0 |       0 |       9 |   0.0 |   222
           D:3 |       0 |     186 |   0.0 |       0 |      22 |   0.0 |   309
           D:4 |       0 |       3 |   0.0 |       0 |       1 |   0.0 |    73
           D:5 |       0 |     108 |   0.0 |       0 |       5 |   0.0 |    84
               +---------+---------+-------+---------+---------+-------+---------

Vault maps used:
D:1:      nicolae_arrival_somewhat_less_tricky_arrival
D:2:      nicolae_overflow_crystal_walls, lemuel_round_altar
D:3:      first_ration
D:4:      lemuel_round_altar, minmay_temple_entry_hall
D:5:      elyvilon_altar_4, eat_drink_and_be_merry_uskayaw, serial_shops,
          nicolae_shop_window_shopping

Table legend:
 A = Turns spent in this place as a percentage of turns spent in the entire game.
 B = Non-inter-level travel turns spent in this place as a percentage of non-inter-level travel turns spent in the entire game.
 C = Inter-level travel turns spent in this place as a percentage of turns spent in this place.
 D = Turns resting spent in this place as a percentage of non-inter-level travel turns spent in this place.
 E = Turns spent auto-exploring this place as a percentage of non-inter-level travel turns spent in this place.
 F = Non-inter-level travel turns spent in this place divided by the number of levels of this place that you've seen.
                   A       B       C       D       E      F
               +-------+-------+-------+-------+-------+----------------------
         Total | 100.0 | 100.0 |   3.5 |   3.7 |  49.8 | 173.4
       Dungeon | 100.0 | 100.0 |   3.5 |   3.7 |  49.8 | 173.4
               +-------+-------+-------+-------+-------+----------------------

Table legend:
 A = Kills in this place as a percentage of kills in entire the game.
 B = Kills by you in this place as a percentage of kills by you in the entire game.
 C = Kills by friends in this place as a percentage of kills by friends in the entire game.
 D = Other kills in this place as a percentage of other kills in the entire game.
 E = Experience gained in this place as a percentage of experience gained in the entire game.
 F = Experience gained in this place divided by the number of levels of this place that you have seen.
                   A       B       C       D       E      F
               +-------+-------+-------+-------+-------+----------------------
         Total | 100.0 | 100.0 |   N/A |   N/A | 100.0 |  65.2
       Dungeon | 100.0 | 100.0 |   N/A |   N/A | 100.0 |  65.2
               +-------+-------+-------+-------+-------+----------------------
